 Dungeon Crawl Stone Soup version 0.19-a0-965-g50bf062 (webtiles) character file.

39 Gorice the Stinger (level 3, -1/24 HPs)
             Began as a Demonspawn Venom Mage on July 12, 2016.
             Slain by Sigmund
             ... wielding a +0 scythe
              (5 damage)
             ... on level 2 of the Dungeon.
             The game lasted 00:05:06 (1280 turns).

Gorice the Stinger (Demonspawn Venom Mage)          Turns: 1280, Time: 00:05:07

Health: -1/24      AC:  5    Str:  8    XL:     3   Next: 26%
Magic:  0/7        EV:  7    Int: 17    God:
Gold:   68         SH:  0    Dex: 13    Spells: 1 memorised, 6 levels left

rFire  . . .     SeeInvis .     k - -3 dagger (curse)
rCold  . . .     Gourm    .     a - +0 robe
rNeg   . . .     Faith    .     (no shield)
rPois  .         Spirit   +     (no helmet)
rElec  .         Dismiss  .     q - +2 cloak
rCorr  .         Reflect  .     (no gloves)
SustAt .         Harm     .     (no boots)
MR     .....                    (no amulet)
Stlth  ++........               (no ring)
                                (no ring)

@: not resistant to hostile enchantments, unstealthy
A: magic shield
a: no special abilities


You were on level 2 of the Dungeon.
You were not hungry.

You visited 1 branch of the dungeon, and saw 2 of its levels.

You collected 68 gold pieces.

Inventory:

Hand Weapons
 h - a +0 spear
 i - a +0 short sword
 k - a cursed -3 dagger (weapon)
 l - a +0 mace of crushing
   (You found it on level 1 of the Dungeon)
Missiles
 Z - 45 stones (quivered)
Armour
 a - a +0 robe (worn)
 q - a +2 cloak (worn)
Potions
 d - a potion of curing
Books
 b - a Young Poisoner's Handbook
Comestibles
 c - a bread ration {!e}
 f - 3 chunks of flesh
 g - a beef jerky
 m - a meat ration {!e}


   Skills:
 - Level 1.7 Dodging
 - Level 1.7 Stealth
 + Level 2.6 Spellcasting
 * Level 1.3 Conjurations
 - Level 4.4 Poison Magic


You had 6 spell levels left.
You knew the following spells:

 Your Spells              Type           Power        Failure   Level  Hunger
a - Sting                 Conj/Pois      ##..         6%          1    #......


Dungeon Overview and Level Annotations

Branches:
Dungeon (2/15)

Altars:

Annotations:
D:2 Sigmund


Innate Abilities, Weirdness & Mutations

When hurt, damage is shared between your health and your magic reserves.


Message History

You hit Sigmund.
Sigmund is moderately wounded.
Sigmund barely misses you.
You hit Sigmund but do no damage.
Sigmund is moderately wounded.
You closely miss Sigmund.
Sigmund is moderately wounded.
Sigmund hits you but does no damage.
You hit Sigmund but do no damage.
Sigmund is heavily wounded.
Sigmund looks more healthy.
Sigmund hits you with a scythe.
* * * LOW HITPOINT WARNING * * *
Damage: 1 (max 7) Unknown command.
It was a potion of curing.
You feel better.
It was a potion of heal wounds.
You feel much better. Sigmund barely misses you.
You hit Sigmund but do no damage.
Sigmund is heavily wounded.
Sigmund hits you with a scythe!
Ouch! That really hurt!
* * * LOW HITPOINT WARNING * * *
Damage: 16 (max 16)
You barely miss Sigmund.
Sigmund is heavily wounded.
You closely miss Sigmund.
Sigmund is heavily wounded.
Sigmund hits you but does no damage.
You barely miss Sigmund.
Sigmund is heavily wounded.
Sigmund gestures at you while chanting. You resist with significant effort.
You hit Sigmund.
Sigmund is heavily wounded.
Sigmund hits you with a scythe.
* * * LOW HITPOINT WARNING * * *
Damage: 5 (max 16)
You barely miss Sigmund.
Sigmund is heavily wounded.
You closely miss Sigmund.
Sigmund is heavily wounded.
Sigmund barely misses you.
Casting: Sting
Confirm with . or Enter, or press ? or * to list all spells.
You don't have enough magic to cast that spell.
Sigmund mumbles some strange words.
Sigmund flickers and vanishes!
Deactivating autopickup; reactivate with Ctrl-A.
Something hits you.
You die...

# #..... #.
#....
#.##....
.......
#....#
#....# #
#...{#.#
#...@..#
#......#.##
##..... ...
....#+#
..... ##.
###### #


There were no monsters in sight!

Vanquished Creatures
  A giant gecko (D:1)
  4 bats (D:1)
  3 giant cockroaches (D:1)
  6 goblins (D:1)
  2 hobgoblins (D:1)
  6 jackals (D:1)
  4 kobolds (D:1)
  A giant newt (D:1)
  4 rats (D:1)
31 creatures vanquished.

Notes
Turn   | Place    | Note
-------+----------+-------------------------------------------
     0 | D:1      | Gorice the Demonspawn Venom Mage began the quest for the Orb.
     0 | D:1      | Reached XP level 1. HP: 13/13 MP: 3/3
   165 | D:1      | Gained mutation: When hurt, damage is shared between your health and your magic reserves. [demonic ancestry]
   165 | D:1      | Reached XP level 2. HP: 15/19 MP: 1/5
   483 | D:1      | Reached skill level 1 in Conjurations
   804 | D:1      | Reached XP level 3. HP: 24/24 MP: 4/6
  1259 | D:2      | Noticed Sigmund
  1265 | D:2      | HP: 7/24 [Sigmund/scythe (6)]
  1276 | D:2      | HP: 3/24 [Sigmund/scythe (5)]
  1280 | D:2      | Slain by Sigmund

Vault maps used:
D:1:      shiori_arrival_maze
D:2:      yredelemnul_altar_generic, kiku_gazebo_pond_becter, uniq_robin,
          uniq_sigmund, uniq_terence

Skill      XL: |  1  2 |
---------------+-------+-----
Conjurations   | 1 |  1.3
Dodging        | |  1.7
Stealth        | |  1.7
Spellcasting   | |  2.6
Poison Magic   | |  4.4

Action                   || total
-------------------------++-------
Melee: Unarmed           ||     4
       Dagger            ||    28
 Cast: Sting             ||    65
  Use: Scroll            ||     5
       Potion            ||     2
 Stab: Sleeping          ||     1
  Eat: Chunk             ||     2
Armor: Robe              ||    13
Dodge: Dodged            ||    27

Table legend:
 A = Turns spent in this place as a percentage of turns spent in the entire game.
 B = Non-inter-level travel turns spent in this place as a percentage of non-inter-level travel turns spent in the entire game.
 C = Inter-level travel turns spent in this place as a percentage of turns spent in this place.
 D = Turns resting spent in this place as a percentage of non-inter-level travel turns spent in this place.
 E = Turns spent auto-exploring this place as a percentage of non-inter-level travel turns spent in this place.
 F = Non-inter-level travel turns spent in this place divided by the number of levels of this place that you've seen.
                   A       B       C       D       E      F
               +-------+-------+-------+-------+-------+----------------------
         Total | 100.0 | 100.0 |   0.2 |   2.8 |   7.5 | 233.5
       Dungeon | 100.0 | 100.0 |   0.2 |   2.8 |   7.5 | 233.5
               +-------+-------+-------+-------+-------+----------------------

Vault maps used:
D:1:      shiori_arrival_maze
D:2:      yredelemnul_altar_generic, kiku_gazebo_pond_becter, uniq_robin,
          uniq_sigmund, uniq_terence
